[Event "FIDE World Rapid-ch Open 2018"]
[White "Artemiev, Vladislav"]
[Black "Andreikin, Dmitry"]
[Site "St. Petersburg"]
[Round "4.2"]
[Annotator "ChessBase"]
[Result "0-1"]
[Date "2018.12.26"]
[WhiteElo "2709"]
[BlackElo "2719"]
[PlyCount "74"]
[TimeControl "900+10"]

1. e4 e5 2. Nf3 Nc6 3. Nc3 Nf6 4. Bb5 Bb4 5. 0-0 0-0 6. d3 Bxc3 7. bxc3 d6 8. Bg5 Qe7 9. Re1 a6 10. Ba4 Nd8 11. Bb3 Ne6 12. Bh4 Nf4 13. Nd2 b5 14. Nf1 Ng6 15. Bg3 c5 16. Ne3 Qc7 17. h4 Be6 18. h5 Nf4 19. Bxf4 exf4 20. Nd5 Bxd5 21. Bxd5 Rae8 22. h6 Re5 23. hxg7 Kxg7 24. Qd2 Rfe8 25. c4 Nh5 26. cxb5 axb5 27. a4 bxa4 28. Rxa4 Qe7 29. Rea1 Qh4 30. Qd1 Nf6 31. c4 Rh5 32. Kf1 Ng4 33. Qd2 Ne5 34. Qd1 f3 35. gxf3 Qh1+ 36. Ke2 Qxf3+ 37. Kd2 Qxd3+ 0-1

[Event "FIDE World Rapid-ch Open 2018"]
[White "Nepomniachtchi, Ian"]
[Black "Nakamura, Hikaru"]
[Site "St. Petersburg"]
[Round "4.3"]
[Annotator "RC"]
[Result "1-0"]
[Date "2018.12.26"]
[WhiteElo "2763"]
[BlackElo "2746"]
[PlyCount "95"]
[TimeControl "900+10"]

1. c4 Nf6 2. Nc3 e6 3. Nf3 d5 4. e3 Be7 5. b3 c5 6. cxd5 Nxd5 7. Bb2 Nxc3 8. Bxc3 0-0 9. h4 Bf6 10. Qc2 Bxc3 11. dxc3 Nc6 12. Bd3 f5 13. 0-0-0 Qa5 14. e4 b5 15. exf5 exf5 16. Rhe1 Rb8 17. Ne5 Nxe5 18. Rxe5 Qc7 19. Qe2 a6 20. Bc2 c4 21. Kb2 Qc6 22. f4 Rb6 23. b4 Qf6 24. g3 Re6 25. Rdd5 Rfe8 26. Rxe6 Rxe6 27. Qd2 Re8 28. a4 Be6 29. Re5 Rd8 30. Qe3 Bd7 31. a5 g6 32. h5 Qd6 33. hxg6 hxg6 34. g4 Rf8 35. gxf5 gxf5 36. Qg3+ Kf7 37. Qf3 Rh8 38. Rd5 Qe7 39. Qf2 Be6 40. Re5 Qd7 41. Re1 Rh6 42. Rd1 Qb7 43. Rd2 Rh3 44. Qc5 Qf3 45. Qc7+ Kg6 46. Qe5 Qe3 47. Rg2+ Kf7 48. Rg7+ 1-0

[Event "FIDE World Rapid-ch Open 2018"]
[White "Wang, Hao"]
[Black "Zubov, Alexander"]
[Site "St. Petersburg"]
[Round "4.5"]
[Annotator "ChessBase"]
[Result "1/2-1/2"]
[Date "2018.12.26"]
[WhiteElo "2730"]
[BlackElo "2597"]
[PlyCount "58"]
[TimeControl "900+10"]

1. e4 Nc6 2. d4 e5 3. d5 Nce7 4. Be3 d6 5. c4 f5 6. Nc3 Nf6 7. Bd3 g6 8. f3 c5 9. h3 Bg7 10. Nge2 0-0 11. g4 Bd7 12. Qc2 f4 13. Bf2 g5 14. a3 b6 15. h4 h6 16. 0-0-0 Ng6 17. h5 Nh8 18. Kb1 Nf7 19. Nc1 a6 20. b4 Qc7 21. Nb3 Rfb8 22. Rc1 Bf8 23. Qe2 Nd8 24. Kc2 cxb4 25. axb4 a5 26. b5 Nb7 27. Na4 Nc5 28. Nbxc5 dxc5 29. Be1 Bd6 1/2-1/2

[Event "FIDE World Rapid-ch Open 2018"]
[White "Matlakov, Maxim"]
[Black "Karjakin, Sergey"]
[Site "St. Petersburg"]
[Round "4.6"]
[Annotator "RC"]
[Result "1/2-1/2"]
[Date "2018.12.26"]
[WhiteElo "2700"]
[BlackElo "2753"]
[PlyCount "173"]
[TimeControl "900+10"]

1. d4 Nf6 2. c4 e6 3. g3 Bb4+ 4. Nd2 c5 5. dxc5 0-0 6. Bg2 Bxc5 7. Ngf3 b6 8. 0-0 Bb7 9. b3 Be7 10. Bb2 d6 11. Nd4 Qc8 12. e4 Nc6 13. Qe2 Nd7 14. Rfd1 Re8 15. Rac1 Nxd4 16. Bxd4 Bc6 17. Nb1 Qb7 18. Nc3 Rac8 19. Qb2 Qa8 20. Re1 Bf8 21. Rcd1 a6 22. a4 Nc5 23. Re2 g6 24. Qb1 Qb8 25. Bf6 Nd7 26. Bd4 Nc5 27. Bf6 b5 28. cxb5 axb5 29. axb5 Bxb5 30. Nxb5 Qxb5 31. Re3 Qb4 32. Ba1 Rb8 33. Rd4 Qb6 34. b4 Bg7 35. Rd1 Bxa1 36. Qxa1 Qxb4 37. h4 Red8 38. h5 Qb2 39. Qa7 Rd7 40. Qa5 gxh5 41. Rc3 Qb5 42. Qa2 Qb4 43. Rc4 Qb3 44. Qe2 Rdb7 45. Rxd6 Nd7 46. Rcd4 Nf6 47. e5 Nd5 48. Bxd5 exd5 49. Qxh5 Rb4 50. R4xd5 Rf8 51. Rd8 Rb8 52. Qg5+ Kh8 53. Qf6+ Kg8 54. R8d6 Qb1+ 55. Kh2 Qg6 56. Qf4 Qh5+ 57. Kg2 Rb1 58. Rh6 Qe2 59. Rh1 Rxh1 60. Kxh1 Qh5+ 61. Kg2 Re8 62. Qd4 Re6 63. Rc5 Kg7 64. Kg1 Qf5 65. Rd5 Qh5 66. Qc3 Qe2 67. Qd4 Qh5 68. Kg2 Qf5 69. Qf4 Qh5 70. g4 Qh4 71. Rd7 Re7 72. Rd6 Re6 73. Qf5 Rg6 74. f3 Qe1 75. Rxg6+ hxg6 76. Qf6+ Kh6 77. Qh8+ Kg5 78. Qf6+ Kh6 79. Qh8+ Kg5 80. Qd8+ Kh6 81. Qd4 Qe2+ 82. Kg3 Qe1+ 83. Kf4 Kh7 84. Kg5 Kg7 85. e6+ Kh7 86. exf7 Qe5+ 87. Qxe5 1/2-1/2

[Event "FIDE World Rapid-ch Open 2018"]
[White "Bocharov, Dmitry"]
[Black "Harikrishna, Pentala"]
[Site "St. Petersburg"]
[Round "4.7"]
[Annotator "ChessBase"]
[Result "1/2-1/2"]
[Date "2018.12.26"]
[WhiteElo "2533"]
[BlackElo "2725"]
[PlyCount "52"]
[TimeControl "900+10"]

1. Nf3 d5 2. e3 Nf6 3. c4 e6 4. b3 b6 5. Bb2 Bd6 6. Nc3 a6 7. d4 0-0 8. Bd3 Bb7 9. 0-0 Nbd7 10. Qc2 Qe7 11. e4 dxe4 12. Nxe4 Nxe4 13. Bxe4 Bxe4 14. Qxe4 Nf6 15. Qe2 Ba3 16. Bxa3 Qxa3 17. Rad1 Rad8 18. Rd3 Rd6 19. Rfd1 Rfd8 20. g3 h6 21. Kg2 Qa5 22. Ne5 Nd7 23. Ng4 Qf5 24. R3d2 Nf6 25. Nxf6+ Qxf6 26. Qf3 Qxf3+ 1/2-1/2

[Event "FIDE World Rapid-ch Open 2018"]
[White "Yu, Yangyi"]
[Black "Duda, Jan-Krzysztof"]
[Site "St. Petersburg"]
[Round "4.8"]
[Annotator "RC"]
[Result "1-0"]
[Date "2018.12.26"]
[WhiteElo "2764"]
[BlackElo "2738"]
[PlyCount "105"]
[TimeControl "900+10"]

1. e4 e5 2. Nf3 Nf6 3. Nxe5 d6 4. Nf3 Nxe4 5. d4 d5 6. Bd3 Bf5 7. 0-0 Be7 8. Ne5 Nd7 9. Nc3 Nxc3 10. bxc3 Bxd3 11. cxd3 0-0 12. Rb1 Nxe5 13. dxe5 b6 14. d4 Qd7 15. Be3 Rac8 16. f4 f5 17. Qb3 Qe6 18. Rfd1 c6 19. a4 Rc7 20. Rd3 Rfc8 21. Rbd1 Kf7 22. Kh1 Rd7 23. h3 Rcd8 24. Qa2 g6 25. Bc1 Rc8 26. Ba3 Bxa3 27. Qxa3 Kg7 28. Qa2 Kf7 29. Qf2 Kg7 30. Qf3 Kf7 31. Kh2 Ke8 32. R3d2 Kd8 33. Qe2 Ke7 34. Rc2 Kf7 35. Rdc1 Rcc7 36. c4 dxc4 37. Rxc4 Rd5 38. Qc2 Ke8 39. Qb2 Kd7 40. Qc3 Kd8 41. Rc2 Kd7 42. Kg3 Rc8 43. Qa3 Ra5 44. Kh2 Rd5 45. Qb4 Qe7 46. Qe1 Rc7 47. R2c3 Qe6 48. Qc1 Kd8 49. Rxc6 Rxc6 50. Rxc6 Qd7 51. e6 Qb7 52. Qc4 Rc5 53. Rd6+ 1-0

[Event "FIDE World Rapid-ch Open 2018"]
[White "Petrosian, Tigran L."]
[Black "Kamsky, Gata"]
[Site "St. Petersburg"]
[Round "4.9"]
[Annotator "ChessBase"]
[Result "0-1"]
[Date "2018.12.26"]
[WhiteElo "2598"]
[BlackElo "2666"]
[PlyCount "90"]
[TimeControl "900+10"]

1. Nf3 Nf6 2. g3 g6 3. Bg2 Bg7 4. 0-0 0-0 5. d3 d5 6. Nbd2 b6 7. e4 dxe4 8. Ng5 Bb7 9. Ngxe4 Nxe4 10. Nxe4 Nc6 11. c3 Qd7 12. d4 Rad8 13. f4 e6 14. Be3 Ne7 15. Bf2 Qc8 16. Qf3 Kh8 17. Rfe1 Qa8 18. Qg4 f5 19. Qh4 fxe4 20. Qxe7 e3 21. Bxb7 exf2+ 22. Kxf2 Qxb7 23. Rxe6 Qd5 24. Rae1 Qxa2 25. R1e2 Qc4 26. h4 c5 27. dxc5 Qxc5+ 28. Qxc5 bxc5 29. Re7 a5 30. Kf3 a4 31. Kg4 Bf6 32. R7e4 a3 33. bxa3 Bxc3 34. Re7 Rc8 35. h5 Bf6 36. Rb7 gxh5+ 37. Kxh5 c4 38. g4 c3 39. Rc2 Rfd8 40. g5 Rd2 41. Rc1 Bd4 42. f5 c2 43. f6 Be3 44. Re1 c1=Q 45. Rxc1 Rh2+ 0-1

[Event "FIDE World Rapid-ch Open 2018"]
[White "Svidler, Peter"]
[Black "Pantsulaia, Levan"]
[Site "St. Petersburg"]
[Round "4.10"]
[Annotator "ChessBase"]
[Result "1-0"]
[Date "2018.12.26"]
[WhiteElo "2737"]
[BlackElo "2597"]
[PlyCount "125"]
[TimeControl "900+10"]

1. Nf3 Nf6 2. c4 c5 3. g3 b6 4. Bg2 Bb7 5. 0-0 e6 6. Nc3 d6 7. Re1 Nbd7 8. e4 Ne5 9. d4 Nxf3+ 10. Bxf3 cxd4 11. Nb5 Be7 12. Bg2 a6 13. Nxd4 Qc7 14. b3 0-0 15. Ba3 Rac8 16. Qe2 Rfd8 17. Rad1 Bf8 18. Bb2 Qb8 19. h3 Qa8 20. Nc2 Nd7 21. Kh2 Nc5 22. Nb4 Nd7 23. Nd3 b5 24. cxb5 axb5 25. Ra1 d5 26. exd5 Bxd5 27. Bxd5 Qxd5 28. Nf4 Qf5 29. Rec1 Nc5 30. Kg2 Ne4 31. Rxc8 Rxc8 32. a4 bxa4 33. bxa4 Nxf2 34. Rc1 Rxc1 35. Bxc1 Ne4 36. g4 Qc5 37. Qxe4 Qxc1 38. Nd3 Qd2+ 39. Kf3 Qh2 40. Nf2 h5 41. Qf4 hxg4+ 42. hxg4 Qg1 43. Qc7 Qa1 44. a5 Qa3+ 45. Kg2 Qa4 46. Qb6 Qc4 47. a6 Bc5 48. Qd8+ Kh7 49. Qh4+ Kg8 50. Qd8+ Kh7 51. Qd3+ Qxd3 52. Nxd3 Bb6 53. Ne5 f6 54. Nd7 Ba7 55. Nf8+ Kh6 56. Nxe6 Kg6 57. Kf3 f5 58. g5 Kh5 59. Kf4 g6 60. Ng7+ Kh4 61. Nxf5+ Kh3 62. Ne7 Bb8+ 63. Ke4 1-0

[Event "FIDE World Rapid-ch Open 2018"]
[White "Korobov, Anton"]
[Black "Alekseev, Evgeny"]
[Site "St. Petersburg"]
[Round "4.11"]
[Annotator "ChessBase"]
[Result "1-0"]
[Date "2018.12.26"]
[WhiteElo "2698"]
[BlackElo "2639"]
[PlyCount "57"]
[TimeControl "900+10"]

1. d4 Nf6 2. c4 e6 3. Nf3 d5 4. Nc3 Bb4 5. Bg5 Nbd7 6. cxd5 exd5 7. e3 h6 8. Bh4 g5 9. Bg3 Ne4 10. Nd2 Nxg3 11. hxg3 Nb6 12. a3 Bf8 13. Bd3 c6 14. b4 Qe7 15. Qc2 Bg7 16. Nb3 Bg4 17. b5 Rc8 18. bxc6 bxc6 19. 0-0 h5 20. Bf5 Bxf5 21. Qxf5 Qf6 22. Qd3 h4 23. Nc5 g4 24. Rab1 h3 25. Qe2 Qh6 26. Qxg4 hxg2 27. Kxg2 f5 28. Qxf5 Qh2+ 29. Kf3 1-0

[Event "FIDE World Rapid-ch Open 2018"]
[White "Jakovenko, Dmitry"]
[Black "Alekseenko, Kirill"]
[Site "St. Petersburg"]
[Round "4.13"]
[Annotator "ChessBase"]
[Result "1/2-1/2"]
[Date "2018.12.26"]
[WhiteElo "2735"]
[BlackElo "2638"]
[PlyCount "276"]
[TimeControl "900+10"]

1. e4 c5 2. Nf3 Nc6 3. Nc3 d6 4. d4 cxd4 5. Nxd4 Nf6 6. Bg5 e6 7. Qd2 a6 8. 0-0-0 Bd7 9. f3 Be7 10. Be3 Rc8 11. Nxc6 Bxc6 12. Kb1 0-0 13. g4 Nd7 14. g5 b5 15. a3 Qc7 16. h4 Bb7 17. h5 Ne5 18. Qg2 Nc4 19. Bxc4 Qxc4 20. g6 Bf6 21. Rxd6 b4 22. axb4 Qxb4 23. Rb6 Qe7 24. gxf7+ Qxf7 25. Ne2 Bd8 26. Rb3 Qxf3 27. Qxf3 Rxf3 28. Nd4 Rf7 29. Nxe6 Bxe4 30. Nxd8 Bxc2+ 31. Ka1 Bxb3 32. Nxf7 Kxf7 33. Rf1+ Ke6 34. Bd4 g5 35. hxg6 hxg6 36. Bc3 Ke7 37. Rf3 Rb8 38. Kb1 Rb5 39. Rg3 Kf7 40. Bd2 Kf6 41. Rf3+ Ke5 42. Rg3 Be6 43. Kc2 Bf5+ 44. Kc3 Rb7 45. b4 Rc7+ 46. Kb3 Ke4 47. Re3+ Kd4 48. Rc3 Be6+ 49. Kc2 Bc4 50. Be3+ Kd5 51. Ra3 Rh7 52. Bd2 Kd4 53. Rg3 Be6 54. Rd3+ Ke5 55. Bc3+ Kf5 56. Rd6 Rh2+ 57. Kd3 Rh3+ 58. Kd2 Bc4 59. Rf6+ Kg5 60. Rc6 Bb5 61. Rc5+ Kf4 62. Be5+ Ke4 63. Bf6 Rd3+ 64. Kc2 Rf3 65. Be7 Kd4 66. Rc8 Rf2+ 67. Kb3 Rf3+ 68. Kb2 Rf7 69. Bc5+ Ke4 70. Rf8 Rd7 71. Rg8 Rd2+ 72. Kc1 Rg2 73. Be7 Kd3 74. Bf6 Kc4 75. Be7 Kc3 76. Rd8 g5 77. Rd1 g4 78. Re1 Bd3 79. Bd6 Rc2+ 80. Kd1 Ra2 81. Be5+ Kxb4 82. Re3 Kc4 83. Rg3 Be2+ 84. Kc1 Bf3 85. Rg1 Re2 86. Bd6 Kc3 87. Kb1 a5 88. Ka1 Re6 89. Rc1+ Kd2 90. Bf4+ Kd3 91. Rc5 a4 92. Kb2 Bc6 93. Rg5 Bf3 94. Ra5 Re4 95. Bd6 Rd4 96. Be5 Re4 97. Bd6 Re2+ 98. Ka3 Bc6 99. Rc5 Bd7 100. Rc7 Bb5 101. Rc5 Bd7 102. Rc7 Bb5 103. Rc5 Bc4 104. Kxa4 Re6 105. Bc7 Kc3 106. Be5+ Kd3 107. Bc7 Kd4 108. Rg5 Be2 109. Kb4 Re7 110. Bd6 Rb7+ 111. Ka5 Rb1 112. Bc5+ Ke4 113. Bd6 Kd4 114. Bc5+ Kc4 115. Bd6 Bf3 116. Rc5+ Kd4 117. Rg5 Rb3 118. Bc5+ Kc4 119. Bd6 Rb7 120. Rc5+ Kd4 121. Rg5 Rd7 122. Bg3 Be2 123. Kb6 Bf3 124. Bc7 Ke3 125. Rg6 Rd5 126. Bg3 Ke2 127. Re6+ Kf1 128. Rg6 Kg2 129. Bc7 Kf2 130. Rg7 Rh5 131. Bd6 Rh3 132. Kc5 Rh6 133. Rg5 Ke3 134. Rg7 Rh5+ 135. Kb6 Kd4 136. Bg3 Rh6+ 137. Kc7 Ra6 138. Rg5 Ra7+ 1/2-1/2

[Event "FIDE World Rapid-ch Open 2018"]
[White "Timofeev, Artyom"]
[Black "Anand, Viswanathan"]
[Site "St. Petersburg"]
[Round "4.14"]
[Annotator "RC"]
[Result "1/2-1/2"]
[Date "2018.12.26"]
[WhiteElo "2589"]
[BlackElo "2773"]
[PlyCount "141"]
[TimeControl "900+10"]

1. c4 e5 2. e3 Nf6 3. Nc3 Bb4 4. Nge2 c6 5. a3 Ba5 6. b4 Bc7 7. Bb2 0-0 8. d4 d5 9. cxd5 cxd5 10. Nb5 e4 11. Nxc7 Qxc7 12. Rc1 Qe7 13. Ng3 Nbd7 14. Be2 Nb6 15. 0-0 Bd7 16. b5 a6 17. bxa6 bxa6 18. Qd2 Bb5 19. Bc3 Bxe2 20. Bb4 Qd7 21. Qxe2 Rfc8 22. Rxc8+ Qxc8 23. f3 Qe6 24. fxe4 dxe4 25. Rf5 Nbd7 26. h3 g6 27. Ra5 Nd5 28. Qc2 N7f6 29. Bd2 Rb8 30. Rc5 Qb6 31. Kh2 Qb1 32. Rc8+ Kg7 33. Qc5 Rxc8 34. Qxc8 Qd3 35. Qc1 h5 36. a4 Ng8 37. Nh1 f5 38. Qe1 Nge7 39. Nf2 Qb3 40. a5 Qb8+ 41. Kg1 Qb5 42. Qf1 Qxf1+ 43. Kxf1 Nc8 44. Nd1 Nd6 45. Nb2 h4 46. Ke2 Kf7 47. Na4 Nb7 48. Nb2 Ke6 49. Nc4 Nd6 50. Ne5 g5 51. Nc6 f4 52. Nb8 Nf5 53. Nxa6 fxe3 54. Nc5+ Ke7 55. Be1 Nxd4+ 56. Kd1 Nf4 57. a6 e2+ 58. Kd2 Nc6 59. Nxe4 Nxg2 60. Nxg5 Kd7 61. Kxe2 Nxe1 62. Kxe1 Kc7 63. Nf3 Nb4 64. a7 Kb7 65. Nxh4 Nd3+ 66. Kf1 Nf4 67. Nf5 Nxh3 68. Ne3 Kxa7 69. Nc4 Ng5 70. Ne3 Ne6 71. Nc4 1/2-1/2

[Event "FIDE World Rapid-ch Open 2018"]
[White "Dubov, Daniil"]
[Black "Postny, Evgeny"]
[Site "St. Petersburg"]
[Round "4.15"]
[Annotator "ChessBase"]
[Result "1-0"]
[Date "2018.12.26"]
[WhiteElo "2703"]
[BlackElo "2615"]
[PlyCount "109"]
[TimeControl "900+10"]

1. d4 d5 2. c4 c6 3. Nf3 Nf6 4. Nc3 a6 5. c5 Bf5 6. Qb3 Ra7 7. Nh4 Bg6 8. e3 Nbd7 9. Be2 e5 10. Nxg6 hxg6 11. Bd2 Be7 12. Qc2 exd4 13. exd4 Nf8 14. 0-0-0 Ne6 15. Be3 b6 16. cxb6 Qxb6 17. h4 Rb7 18. g4 Bd6 19. Kb1 Qa5 20. g5 Nd7 21. Bg4 Nb6 22. Ne4 Nc4 23. Nxd6+ Nxd6 24. Ka1 Kd7 25. Bc1 Re8 26. Rhe1 Qb5 27. Re3 Qc4 28. Rc3 Qb5 29. Re1 Qb6 30. Be3 Nb5 31. Rd3 Kd8 32. Red1 a5 33. R3d2 Nd6 34. Rd3 Nb5 35. b3 Ra7 36. a4 Nbc7 37. Rc3 Rb7 38. Kb2 Kd7 39. Rc1 Reb8 40. Ka1 Na6 41. Bxe6+ fxe6 42. Qxg6 Re8 43. Qxg7+ Re7 44. Qg6 Qb4 45. Qc2 c5 46. dxc5 Kc6 47. g6 Qg4 48. Bg5 Nb4 49. Qd1 Qf5 50. Qf3 Qxg6 51. Bxe7 Rxe7 52. Qf8 Rc7 53. Qa8+ Kd7 54. c6+ Ke7 55. Qxa5 1-0

[Event "FIDE World Rapid-ch Open 2018"]
[White "Khanin, Semen"]
[Black "Gelfand, Boris"]
[Site "St. Petersburg"]
[Round "4.16"]
[Annotator "ChessBase"]
[Result "1/2-1/2"]
[Date "2018.12.26"]
[WhiteElo "2514"]
[BlackElo "2673"]
[PlyCount "64"]
[TimeControl "900+10"]

1. e4 e5 2. Nf3 Nf6 3. Nxe5 d6 4. Nf3 Nxe4 5. c4 Nc6 6. Nc3 Nxc3 7. dxc3 Be7 8. Be3 0-0 9. Qd2 Bf5 10. Be2 Qd7 11. 0-0 Bf6 12. Rad1 Rad8 13. Nd4 Nxd4 14. Bxd4 Bxd4 15. cxd4 Rfe8 16. Rfe1 d5 17. b3 h6 18. c5 Re6 19. Bf3 Rde8 20. h3 c6 21. b4 Qe7 22. Rxe6 Qxe6 23. a4 Qg6 24. Re1 Rxe1+ 25. Qxe1 Be6 26. Kh2 Qc2 27. a5 Kh7 28. Bg4 Bxg4 29. hxg4 Qb2 30. Qe3 Qxb4 31. Qf4 a6 32. Qf5+ Kg8 1/2-1/2

[Event "FIDE World Rapid-ch Open 2018"]
[White "Roiz, Michael"]
[Black "Akopian, Vladimir"]
[Site "St. Petersburg"]
[Round "4.17"]
[Annotator "ChessBase"]
[Result "1/2-1/2"]
[Date "2018.12.26"]
[WhiteElo "2605"]
[BlackElo "2650"]
[PlyCount "55"]
[TimeControl "900+10"]

1. Nf3 Nf6 2. c4 c5 3. Nc3 Nc6 4. g3 g6 5. d4 cxd4 6. Nxd4 d6 7. Bg2 Bd7 8. Nc2 Bg7 9. b3 h5 10. Bb2 h4 11. Nd5 Nh5 12. Bxg7 Nxg7 13. Qd2 h3 14. Be4 e6 15. Nc3 f5 16. Bf3 Ne5 17. Qxd6 Nxf3+ 18. exf3 Bc6 19. Qxd8+ Rxd8 20. Ke2 b6 21. Rhd1 Ke7 22. Rxd8 Rxd8 23. Rd1 Rxd1 24. Nxd1 e5 25. Nc3 Ne6 26. Nb1 Kd6 27. Nd2 a5 28. Ke3 1/2-1/2

[Event "FIDE World Rapid-ch Open 2018"]
[White "Oparin, Grigoriy"]
[Black "Kevlishvili, Robby"]
[Site "St. Petersburg"]
[Round "4.18"]
[Annotator "ChessBase"]
[Result "1-0"]
[Date "2018.12.26"]
[WhiteElo "2613"]
[BlackElo "2451"]
[PlyCount "107"]
[TimeControl "900+10"]

1. c4 e5 2. Nc3 Nf6 3. Nf3 Nc6 4. e3 Bb4 5. Qc2 d6 6. Ne2 a5 7. Ng3 0-0 8. a3 Bc5 9. b3 Re8 10. d3 Ba7 11. Be2 d5 12. cxd5 Nxd5 13. 0-0 f5 14. e4 Nf4 15. exf5 Qd5 16. Be3 Nd4 17. Bxd4 exd4 18. Rfe1 Bxf5 19. Nxf5 Qxf5 20. Bf1 c6 21. g3 Nd5 22. Bg2 Nc3 23. b4 axb4 24. axb4 Bb6 25. Rxa8 Rxa8 26. Ne5 Re8 27. f4 Bc7 28. Be4 Nxe4 29. dxe4 Qe6 30. Nd3 Ra8 31. Nc5 Qa2 32. Qxa2+ Rxa2 33. Rd1 Bb6 34. Rxd4 Rb2 35. Kh1 h5 36. e5 Bxc5 37. bxc5 Rc2 38. Rd7 Rxc5 39. Rxb7 Rc2 40. e6 Kf8 41. f5 Rf2 42. Rf7+ Kg8 43. Kg1 Rc2 44. Rc7 Kf8 45. h3 c5 46. Kf1 c4 47. g4 hxg4 48. hxg4 c3 49. g5 Rc1+ 50. Kf2 Rc2+ 51. Kg3 Re2 52. Rxc3 g6 53. Rc8+ Ke7 54. f6+ 1-0

[Event "FIDE World Rapid-ch Open 2018"]
[White "Firouzja, Alireza"]
[Black "Cheparinov, Ivan"]
[Site "St. Petersburg"]
[Round "4.19"]
[Annotator "ChessBase"]
[Result "1-0"]
[Date "2018.12.26"]
[WhiteElo "2607"]
[BlackElo "2709"]
[PlyCount "115"]
[TimeControl "900+10"]

1. e4 e5 2. Nf3 Nc6 3. Bb5 Nf6 4. d3 Bc5 5. c3 0-0 6. Bg5 h6 7. Bh4 g5 8. Bg3 d6 9. Nbd2 Nh5 10. a4 a6 11. Bc4 Qf6 12. Qe2 g4 13. Nh4 Nf4 14. Bxf4 exf4 15. g3 f3 16. Qd1 Ne5 17. d4 Nxc4 18. Nxc4 Ba7 19. 0-0 Be6 20. Ne3 Rfe8 21. Re1 c6 22. Nhf5 Bxf5 23. Nxf5 d5 24. Qd3 Re6 25. exd5 cxd5 26. Ne3 Rae8 27. Kf1 Qg5 28. Qf5 Qxf5 29. Nxf5 h5 30. Ne3 Rd8 31. a5 Kg7 32. Ra3 Kg6 33. Rb3 Rd7 34. Nc2 h4 35. Nb4 hxg3 36. hxg3 Rde7 37. Rd1 Rd6 38. Re1 Rde6 39. Rxe6+ fxe6 40. Nd3 Kf5 41. Ke1 Ke4 42. Kd2 Rh7 43. Rb4 Kf5 44. Ke3 Re7 45. Ne5 Bb8 46. Nd3 e5 47. dxe5 Bxe5 48. Kd2 Bf6 49. Rf4+ Kg5 50. Rb4 Kf5 51. Kd1 Rh7 52. Rb6 Rh1+ 53. Kc2 Rh7 54. Rd6 d4 55. cxd4 Rh2 56. Kc3 Rh7 57. Rd5+ Ke4 58. Kc4 {[%emt 0:0:8] Kxd5+} 1-0

[Event "FIDE World Rapid-ch Open 2018"]
[White "Mamedov, Rauf"]
[Black "Tsydypov, Zhamsaran"]
[Site "St. Petersburg"]
[Round "4.20"]
[Annotator "ChessBase"]
[Result "1-0"]
[Date "2018.12.26"]
[WhiteElo "2703"]
[BlackElo "2529"]
[PlyCount "53"]
[TimeControl "900+10"]

1. e4 c5 2. Nc3 d6 3. Nf3 Nf6 4. e5 dxe5 5. Nxe5 Nbd7 6. d4 e6 7. Bb5 a6 8. Bxd7+ Nxd7 9. Qh5 Nxe5 10. dxe5 b5 11. Bg5 Qc7 12. 0-0-0 Bb7 13. Rd2 b4 14. Ne2 Qxe5 15. Rhd1 Be7 16. f4 Qe3 17. Bxe7 Kxe7 18. Kb1 Bd5 19. Rd3 Qe4 20. Ng3 Qxf4 21. Rxd5 exd5 22. Rf1 Qd2 23. Qe5+ Kf8 24. Qc7 f6 25. Nf5 Qxg2 26. Qe7+ Kg8 27. Nh6+ 1-0

[Event "FIDE World Rapid-ch Open 2018"]
[White "Sarana, Alexey"]
[Black "Le, Quang Liem"]
[Site "St. Petersburg"]
[Round "4.21"]
[Annotator "ChessBase"]
[Result "1-0"]
[Date "2018.12.26"]
[WhiteElo "2618"]
[BlackElo "2714"]
[PlyCount "91"]
[TimeControl "900+10"]

1. d4 Nf6 2. Nf3 d5 3. c4 e6 4. Nc3 Bb4 5. Bg5 h6 6. Bxf6 Qxf6 7. e3 0-0 8. Rc1 Rd8 9. a3 Bxc3+ 10. Rxc3 c6 11. Bd3 dxc4 12. Rxc4 b6 13. Rc3 Bb7 14. Be4 Qe7 15. Qb3 Rc8 16. 0-0 Na6 17. Rfc1 Rab8 18. Bxc6 Nc5 19. dxc5 Rxc6 20. Nd4 Rxc5 21. Rxc5 bxc5 22. Nc6 Qg5 23. g3 Qg4 24. Nxb8 Qf3 25. Kf1 Qh1+ 26. Ke2 Bf3+ 27. Kd2 Qxh2 28. Qd3 Qxf2+ 29. Kc3 Qxg3 30. Nd7 h5 31. Rf1 Bg2 32. Rf4 h4 33. Ne5 f6 34. Ng6 h3 35. Rh4 Kf7 36. Nh8+ Ke7 37. Ng6+ Kf7 38. Rh8 Qe1+ 39. Kc2 Qf2+ 40. Kb3 Bd5+ 41. Ka4 f5 42. Ne5+ Ke7 43. Qc3 h2 44. Qxc5+ Kf6 45. Ng4+ fxg4 46. Qf8+ 1-0

[Event "FIDE World Rapid-ch Open 2018"]
[White "Novikov, Stanislav"]
[Black "Tomashevsky, Evgeny"]
[Site "St. Petersburg"]
[Round "4.22"]
[Annotator "ChessBase"]
[Result "1-0"]
[Date "2018.12.26"]
[WhiteElo "2540"]
[BlackElo "2705"]
[PlyCount "118"]
[TimeControl "900+10"]

1. e4 e5 2. Nf3 Nc6 3. Bb5 a6 4. Bxc6 dxc6 5. 0-0 Bd6 6. d4 exd4 7. Qxd4 f6 8. Be3 Ne7 9. Nbd2 Be6 10. Rad1 Ng6 11. Nc4 Bxc4 12. Qxc4 Qe7 13. c3 0-0-0 14. b4 Rhe8 15. Rd4 Qe6 16. Qxe6+ Rxe6 17. Nd2 Ne5 18. f3 Rde8 19. Nb3 f5 20. Bf2 fxe4 21. Rxe4 Nd3 22. Rxe6 Rxe6 23. Nd4 Rf6 24. Bg3 c5 25. bxc5 Bxc5 26. Rd1 Nf4 27. Kf1 Nd5 28. Rd3 Bxd4 29. Rxd4 Nxc3 30. Be5 Rf5 31. Bxg7 Nxa2 32. f4 c5 33. Re4 Rf7 34. Ba1 b5 35. g4 c4 36. Ke2 Nb4 37. g5 Nd5 38. Be5 Kd7 39. h4 Ne7 40. h5 Nf5 41. Kf3 a5 42. Kg4 Ne7 43. Bf6 Nd5 44. Bd4 Ne7 45. Bf6 Nd5 46. Be5 Ne7 47. Rd4+ Ke8 48. Rd6 b4 49. g6 hxg6 50. hxg6 Rf8 51. g7 Rg8 52. f5 c3 53. f6 c2 54. Bb2 Kf7 55. Kg5 Rc8 56. Rd7 c1=Q+ 57. Bxc1 Rc5+ 58. Kh6 Kxf6 59. Bb2+ Kf5 1-0

[Event "FIDE World Rapid-ch Open 2018"]
[White "Grischuk, Alexander"]
[Black "Rakhmanov, Aleksandr"]
[Site "St. Petersburg"]
[Round "4.23"]
[Annotator "RC"]
[Result "1-0"]
[Date "2018.12.26"]
[WhiteElo "2771"]
[BlackElo "2629"]
[PlyCount "129"]
[TimeControl "900+10"]

1. Nf3 Nf6 2. g3 g6 3. c4 c6 4. b3 Bg7 5. Bb2 0-0 6. Bg2 d5 7. 0-0 Bg4 8. d3 Bxf3 9. Bxf3 Nbd7 10. Nd2 e6 11. Qc2 Ne8 12. d4 Nd6 13. e3 f5 14. Ba3 Nf6 15. Bg2 Nfe4 16. Nf3 Qa5 17. Bb2 Nf7 18. a4 Rfc8 19. Rfd1 Qd8 20. Ne1 a5 21. Nd3 g5 22. f3 Nf6 23. Nf2 h5 24. e4 dxe4 25. fxe4 Qd7 26. Qe2 Re8 27. e5 Ng4 28. Nd3 Qc7 29. h3 Ngh6 30. Qxh5 Qb6 31. Ra3 Rad8 32. c5 Qc7 33. Raa1 g4 34. Nf4 Qe7 35. Bc3 gxh3 36. Bxh3 Bxe5 37. Ng6 Qg5 38. Qxg5 Nxg5 39. Nxe5 Nxh3+ 40. Kg2 Ng5 41. Bxa5 Rd5 42. Bd2 Nhf7 43. Bxg5 Nxg5 44. b4 Nf7 45. Ng6 Kg7 46. Nf4 Rd7 47. b5 Kf6 48. bxc6 bxc6 49. a5 Ra8 50. Ra4 Rb7 51. Rd2 Ng5 52. a6 Rb3 53. Rda2 Ne4 54. R4a3 Rb4 55. Ne2 e5 56. dxe5+ Kxe5 57. a7 Rb5 58. Ra6 Kd5 59. Nf4+ Kxc5 60. Ne6+ Kd6 61. Nd4 Rc5 62. Rb2 Kd5 63. Rb8 Kxd4 64. Rxa8 Rc2+ 65. Kh3 1-0

[Event "FIDE World Rapid-ch Open 2018"]
[White "Shaposhnikov, Evgeny"]
[Black "Guseinov, Gadir"]
[Site "St. Petersburg"]
[Round "4.24"]
[Annotator "ChessBase"]
[Result "0-1"]
[Date "2018.12.26"]
[WhiteElo "2576"]
[BlackElo "2664"]
[PlyCount "84"]
[TimeControl "900+10"]

1. e4 c5 2. Nf3 g6 3. Bc4 Bg7 4. c3 d6 5. d4 cxd4 6. cxd4 Nf6 7. Qe2 0-0 8. 0-0 Bg4 9. e5 dxe5 10. dxe5 Nfd7 11. e6 Ne5 12. exf7+ Kh8 13. Rd1 Qc7 14. Bd5 Nbc6 15. Nc3 e6 16. h3 Bxf3 17. Bxf3 Nd4 18. Rxd4 Nxf3+ 19. Qxf3 Bxd4 20. Nb5 Qe5 21. Nxd4 Qxd4 22. Bh6 Qxb2 23. Re1 g5 24. Rxe6 Qc1+ 25. Kh2 Qc7+ 26. g3 Qxf7 27. Qc3+ Kg8 28. f4 Rae8 29. Re5 Rxe5 30. Qxe5 Re8 31. Qxg5+ Kh8 32. h4 Qg6 33. Qb5 a6 34. Qb2+ Kg8 35. Qb3+ Qe6 36. f5 Qxb3 37. axb3 a5 38. g4 b5 39. h5 a4 40. bxa4 bxa4 41. g5 a3 42. g6 Re5 0-1

[Event "FIDE World Rapid-ch Open 2018"]
[White "Smirin, Ilia"]
[Black "Sjugirov, Sanan"]
[Site "St. Petersburg"]
[Round "4.25"]
[Annotator "ChessBase"]
[Result "0-1"]
[Date "2018.12.26"]
[WhiteElo "2609"]
[BlackElo "2663"]
[PlyCount "72"]
[TimeControl "900+10"]

1. e4 c5 2. Nf3 d6 3. d4 cxd4 4. Nxd4 Nf6 5. Nc3 a6 6. a4 e5 7. Nf3 Be7 8. Bc4 Be6 9. Qe2 Qc7 10. Bb3 Nc6 11. 0-0 0-0 12. Nd5 Bxd5 13. exd5 Nb4 14. Rd1 a5 15. c3 Na6 16. Bc2 Rfe8 17. h3 g6 18. Nh2 Nd7 19. Ng4 f5 20. Nh6+ Kg7 21. Nxf5+ gxf5 22. Qh5 Nf6 23. Qxf5 Qd7 24. Qg5+ Kh8 25. Bf5 Qc7 26. Qh4 Bd8 27. Bg5 Ng8 28. b4 Bxg5 29. Qxg5 Qg7 30. Qd2 Ne7 31. Be6 Ng6 32. g3 Nf4 33. Bg4 h5 34. Bf3 Nxh3+ 35. Kh2 Rf8 36. Qe3 Nxf2 0-1